 Dungeon Crawl Stone Soup version 0.30-a0-779-g7971cf19c3 (webtiles) character file.

Game seed: 862621604523798394

25008 jt the Fighter (level 12, -7/102 HPs)
             Began as a Mummy Fighter on Feb 17, 2023.
             Was the Champion of Dithmenos.
             Killed by divine providence
             ... invoked by an orc high priest
              (14 damage)
             ... on level 2 of the Orcish Mines.
             The game lasted 00:47:42 (14609 turns).

jt the Fighter (Mummy Fighter)                     Turns: 14609, Time: 00:47:42

Health: -7/102     AC: 23    Str: 21    XL:     12   Next: 85%
Magic:  16/16      EV:  7    Int: 11    God:    Dithmenos [******]
Gold:   1752       SH:  5    Dex: 13    Spells: 11/11 levels left

rFire   . . .      SeeInvis .    a - +2 war axe (venom)
rCold   + . .      Faith    +    c - +0 buckler
rNeg    + + +      Spirit   .    f - +2 chain mail of Amorality {Dex+2}
rPois   ∞          Reflect  .    k - +2 helmet
rElec   .          Harm     .    r - +1 cloak
rCorr   .          Rampage  .    (no gloves)
Will    +....                    j - +2 pair of boots Stlth
                                 Y - amulet of regeneration
HPRegen 1.17/turn                d - ring of protection from fire
MPRegen 0.15/turn                b - +4 ring of protection

@: about to teleport, wreathed by umbra
A: cold resistance 1, negative energy resistance 3, torment resistance 2, heat
vulnerability 1, in touch with death 1, no potions, faith
a: Renounce Religion, Shadow Step, Shadow Form


You were on level 2 of the Orcish Mines.
You worshipped Dithmenos.
Dithmenos was exalted by your worship.
You visited 3 branches of the dungeon, and saw 15 of its levels.
You also visited: Sewer, Bailey and Gauntlet.

You collected 1752 gold pieces.

Inventory:

Hand Weapons
 a - a +2 war axe of venom (weapon)
 e - a +0 sling
 v - a +2 flail of protection
 y - a +4 flail of draining
 z - a +2 spear of flaming
 E - the +4 short sword of Optimality {drain, *Rage rCorr Str+2 Dex+3 Stlth+}
   (You took it off an orc wizard on level 8 of the Dungeon)

   Str:       It affects your strength (+2).
   Dex:       It affects your dexterity (+3).
   *Rage:     It berserks you when you make melee attacks (+20% chance).
   rCorr:     It protects you from acid and corrosion.
   Stlth:     It makes you more stealthy.
 M - a +2 broad axe of chaos
 Q - a +2 hand axe of freezing
Missiles
 n - 8 curare-tipped darts
 o - 5 boomerangs of dispersal
 q - 3 throwing nets
 t - 7 silver javelins
 u - 6 datura-tipped darts
 w - 41 poisoned darts
 B - 20 boomerangs (quivered)
 N - 2 silver boomerangs
 R - 9 atropa-tipped darts
Armour
 c - a +0 buckler (worn)
 f - the +2 chain mail of Amorality (worn) {Dex+2}
   (You found it on level 11 of the Dungeon)

   Dex:       It affects your dexterity (+2).
 j - a +2 pair of boots (worn)
 k - a +2 helmet (worn)
 l - the +2 helmet "Karutas" {Drain rF+ rC- Int+8}
   (You found it on level 11 of the Dungeon)

   Int:       It affects your intelligence (+8).
   rF:        It protects you from fire.
   rC:        It makes you vulnerable to cold.
   Drain:     It drains your maximum health when unequipped.
 m - a +2 hat
 r - a +1 cloak (worn)
 C - the +0 robe "Woudits" {+Blink Regen+}
   (You found it on level 7 of the Dungeon)

   +Blink:    It lets you blink.
   Regen:     It increases your rate of health regeneration.
Magical Staves
 h - a staff of death
 i - a staff of cold
 D - a staff of air
Jewellery
 b - a +4 ring of protection (right hand)
 d - a ring of protection from fire (left hand)
 g - a ring of fire
 s - the ring "Jynaupeun" {rN+ Int+3 Stlth+}
   (You found it in a Gauntlet)

   [ring of positive energy]

   Int:       It affects your intelligence (+3).
   rN:        It protects you from negative energy.
   Stlth:     It makes you more stealthy.
 F - an amulet of magic regeneration
 L - the ring "Yhysupsi" {Ice *Slow rElec Int-4 Dex+6}
   (You found it in a Gauntlet)

   [ring of ice]

   It enhances your ice magic.
   Int:       It affects your intelligence (-4).
   Dex:       It affects your dexterity (+6).
   rF:        It makes you vulnerable to fire.
   rC:        It protects you from cold.
   rElec:     It insulates you from electricity.
   *Slow:     It may slow you when you take damage.
 T - a +6 ring of intelligence
 Y - an amulet of regeneration (around neck)
Wands
 x - a wand of polymorph (8)
 A - a wand of flame (48)
 H - a wand of charming (10)
 J - a wand of mindburst (4)
 U - a wand of roots (9)
Scrolls
 p - 4 scrolls of magic mapping
 G - 4 scrolls of enchant armour
 I - 2 scrolls of fog
 P - 3 scrolls of teleportation
 S - a scroll of enchant weapon
 V - 4 scrolls of identify
 W - a scroll of vulnerability
 Z - 3 scrolls of summoning
Miscellaneous
 K - a lightning rod (4/4)
 X - a piece from Xom's chessboard (15/15)


   Skills:
 + Level 12.1 Fighting
 * Level 11.9 Axes
 - Level 3.0 Throwing
 - Level 4.0 Armour
 - Level 2.0 Stealth
 - Level 6.0 Shields
 + Level 5.7 Invocations
 - Level 5.0 Evocations


You had 11 spell levels left.
You didn't know any spells.
Your spell library contained the following spells:

 Spells                   Type           Power      Damage    Failure   Level
 Kiss of Death            Conj/Necr      0%         2d5       99%         1
 Sandblast                Erth           0%         2d4       99%         1
 Ensorcelled Hibernation  Hex/Ice        0%         N/A       99%         2
 Passwall                 Tmut/Erth      0%         N/A       99%         2
 Confusing Touch          Hex            0%         N/A       100%        3
 Dazzling Flash           Conj/Hex       0%         N/A       100%        3
 Inner Flame              Hex/Fire       0%         N/A       100%        3
 Stone Arrow              Conj/Erth      0%         3d7       100%        3
 Swiftness                Air            0%         N/A       100%        3
 Animate Armour           Summ/Erth      0%         N/A       100%        4
 Animate Dead             Necr           0%         N/A       100%        4
 Dispel Undead            Necr           0%         3d6       100%        4
 Flame Wave               Conj/Fire      0%         2d4       100%        4
 Iskenderun's Mystic Bla  Conj/Tloc      0%         2d3       100%        4
 Sticky Flame             Conj/Fire      0%         2d3       100%        4
 Iron Shot                Conj/Erth      0%         9d1       100%        6
 Starburst                Conj/Fire      0%         6d3       100%        6
 Haunt                    Necr/Summ      0%         N/A       100%        7
 Infestation              Necr           0%         N/A       100%        8
 Blade Hands              Tmut           Unusable   N/A       N/A         5

Dungeon Overview and Level Annotations

Branches:
Dungeon (12/15)            Temple (1/1) D:7            Lair (0/5) D:11
    Orc (2/2) D:12          Sewer (visited)          Bailey (visited)
Gauntlet (visited)
    Elf: Orc:2

Altars:
Ashenzari
Dithmenos
Fedhas
Gozag
Kikubaaqudgha
Xom
Yredelemnul

Shops:
D:5 (

Annotations:
D:11 exclusion: oklob plant


Innate Abilities, Weirdness & Mutations

You are immune to poison.
Your flesh is cold resistant. (rC+)
You are immune to negative energy. (rN+++)
You are immune to unholy pain and torment.
You are vulnerable to heat. (rF-)
You are in touch with the powers of death.
You do not drink.
You have a special connection with the divine. (Faith)


Message History

The orc high priest looks as sick as possible!
The orc high priest hits you but does no damage.
You block the orc priest's attack. The orc priest hits you with a +0 club.
The orc high priest prays to Beogh.
You block the orc priest's attack.
Press: ? - help, v - describe, . - travel
Here: an orc high priest, wielding a +0 hand axe (black smoke, heavily wounded, extremely poisoned, umbra)
The floor.
Okay, then.
You closely miss the orc high priest.
The orc high priest is heavily wounded.
You hit the orc priest.
You kill the orc priest!
Dithmenos accepts your kill.
You hit the orc high priest.
The orc high priest looks as sick as possible!
You barely miss the orc priest.
Your shadow hits the orc high priest but does no damage.
Your shadow completely misses the orc high priest.
Your shadow misses the orc priest.
The orange demon disappears in a puff of smoke!
The orc high priest hits you but does no damage.
You block the orc priest's attack.
The orc high priest invokes the aid of Beogh against you.
Beogh smites you!
* * * LOW HITPOINT WARNING * * *
You emit a cloud of dark smoke.
The orc priest calls down the wrath of Beogh upon you.
Beogh smites you!
* * * LOW HITPOINT WARNING * * *
You slash the orc high priest!
The orc high priest looks as sick as possible!
The orc high priest is severely wounded.
You barely miss the orc priest. You slice the orc high priest!!
The orc high priest looks as sick as possible!
The orc priest hits you but does no damage.
The orc high priest closely misses you.
The orc high priest invokes the aid of Beogh against you.
Beogh smites you!
You die...

......... ###
.......... ...
........... ...
......o.....# ### ###
.............# ..#
..............# .§#
..............# §o#
...$.........4###o##..#
.............34o@o§...#
..............###o###.#
..............#


oo. # ..............# ...# ..............# o..# ..............# ...#
..............####### ................... .................. You could see a
soul eater (summoned), 2 orc high priests, a hellwing (summoned), a red devil
(summoned), 4 orc priests and an orc.

Vanquished Creatures
  A minotaur (Gauntlet)
  Fannar (D:12)
  An ogre mage (Orc:1)
  6 two-headed ogres
  A boulder beetle (D:12)
  5 orc high priests (Orc:2)
  Sonja (Orc:1)
  An orc sorcerer (Orc:1)
  An ugly thing (D:12)
  A moth of wrath (Gauntlet)
  2 cyclopes
  A gargoyle (D:12)
  An unseen horror (D:11)
  6 trolls
  Grinder (D:5)
  A raiju (Gauntlet)
  2 wraiths
  2 shadows
  2 wyverns (D:8)
  9 yaks
  4 vampire mosquitoes (D:12)
  Edmund (D:5)
  8 wargs
  A water moccasin (D:6)
  An acid dragon (D:4)
  2 ice beasts
  10 orc warriors
  2 black bears
  4 wolves (Gauntlet)
  10 centaurs
  4 ogres
  8 kobold brigands
  4 bullfrogs
  A gnoll sergeant (D:5)
  2 scorpions
  8 wights
  16 killer bees
  A vampire bat (D:3)
  3 howler monkeys
  A gnoll bouda (D:5)
  7 hounds
  3 jellies
  31 orc priests
  5 iguanas
  23 orc wizards
  Robin (D:3)
  11 adders
  12 gnolls (D:5)
  3 river rats (Sewer)
  5 shadow imps
  3 worms
  3 dart slugs
  3 fire bats (D:3)
  99 orcs
  2 spectral bats (D:3)
  4 ball pythons
  18 bats
  3 bat skeletons (D:3)
  A bat zombie (D:3)
  2 endoplasms (D:1)
  7 giant cockroaches
  15 goblins
  7 hobgoblins
  A jackal (Sewer)
  23 kobolds
  2 quokkas
  A bat simulacrum (D:3)
  4 frilled lizards
  11 rats
447 creatures vanquished.

Vanquished Creatures (others)
  A raiju (Gauntlet)
  Eustachio (D:5)
  11 plants (Sewer)
13 creatures vanquished.

Grand Total: 460 creatures vanquished

Notes
Turn   | Place    | Note
-------+----------+-------------------------------------------
     0 | D:1      | jt the Mummy Fighter began the quest for the Orb.
     0 | D:1      | Reached XP level 1. HP: 18/18 MP: 1/1
    60 | D:1      | Reached XP level 2. HP: 20/24 MP: 2/2
   380 | D:1      | Found a faded altar of an unknown god.
   387 | D:1      | Prayed at the altar of an unknown god.
   387 | D:1      | Became a worshipper of Dithmenos the Shadowed
   387 | D:1      | Reached * piety under Dithmenos
   665 | D:2      | Gained mutation: You are in touch with the powers of death.
                  | [Mummy growth]
   665 | D:2      | Reached XP level 3. HP: 26/29 MP: 3/3
   714 | D:2      | Reached XP level 4. HP: 35/35 MP: 4/4
  1400 | D:3      | Reached ** piety under Dithmenos
  1401 | D:3      | Reached skill level 1 in Stealth
  1514 | D:3      | Reached XP level 5. HP: 42/42 MP: 5/5
  1654 | D:3      | Noticed Robin
  1671 | D:3      | Reached *** piety under Dithmenos
  1694 | D:3      | Killed Robin
  1832 | D:3      | Reached skill level 4 in Fighting
  2293 | D:4      | Found a glowing drain.
  2317 | Sewer    | Entered a sewer
  2324 | Sewer    | Reached XP level 6. HP: 48/48 MP: 6/6
  2465 | Sewer    | Reached **** piety under Dithmenos
  2680 | Sewer    | Reached skill level 1 in Invocations
  2747 | Sewer    | Reached skill level 1 in Evocations
  3027 | D:4      | Noticed an acid dragon
  3166 | D:5      | Entered Level 5 of the Dungeon
  3187 | D:5      | Reached XP level 7. HP: 55/55 MP: 7/7
  3188 | D:5      | Noticed Eustachio
  3375 | D:5      | Noticed Grinder
  3412 | D:5      | Your ally Eustachio died
  3432 | D:5      | Found Afoeni Udaiv's Weapon Boutique.
  3856 | D:5      | Reached skill level 5 in Axes
  3861 | D:5      | Reached skill level 5 in Fighting
  3861 | D:5      | Reached XP level 8. HP: 54/62 MP: 7/9
  4260 | D:6      | Reached ***** piety under Dithmenos
  4425 | D:6      | Reached skill level 6 in Fighting
  4471 | D:6      | Reached skill level 5 in Shields
  4597 | D:6      | Noticed a troll
  4765 | D:7      | Found Yfrasor's General Store.
  4806 | D:7      | Reached XP level 9. HP: 57/70 MP: 7/10
  4951 | D:7      | Found a staircase to the Ecumenical Temple.
  4969 | Temple   | Entered the Ecumenical Temple
  5098 | D:7      | Identified the +0 robe "Woudits" {+Blink Regen+}
  5779 | D:8      | Identified the +4 short sword of Optimality {drain, *Rage
                  | rCorr Str+2 Dex+3 Stlth+}
  5793 | D:8      | Reached skill level 7 in Fighting
  6176 | D:8      | Found a blossoming altar of Fedhas.
  6178 | D:8      | Found an ancient bone altar of Kikubaaqudgha.
  6435 | D:9      | Noticed a troll
  6628 | D:9      | Noticed a two-headed ogre
  6899 | D:5      | Killed Grinder
  7003 | D:5      | Noticed Edmund
  7018 | D:5      | Killed Edmund
  7019 | D:5      | Reached skill level 8 in Fighting
  7019 | D:5      | Reached XP level 10. HP: 76/80 MP: 11/11
  8738 | D:8      | Reached ****** piety under Dithmenos
  8907 | D:8      | Killed a two-headed ogre
  8908 | D:8      | Reached skill level 9 in Fighting
  9622 | D:10     | Entered Level 10 of the Dungeon
  9800 | D:10     | Reached skill level 10 in Fighting
  9834 | D:10     | Found a flagged portal.
  9862 | Bailey   | Entered a bailey
  9997 | Bailey   | Found an iron altar of Okawaru.
 10104 | D:10     | Noticed a two-headed ogre
 10105 | D:10     | Reached skill level 1 in Throwing
 10119 | D:10     | Killed a two-headed ogre
 10120 | D:10     | Reached XP level 11. HP: 48/92 MP: 7/12
 10727 | D:11     | Found a gate leading to a gauntlet.
 10761 | Gauntlet | Entered a Gauntlet
 10761 | Gauntlet | Found a transporter.
 10766 | Gauntlet | Found a transporter.
 10766 | Gauntlet | Found a transporter.
 10772 | Gauntlet | Noticed a soul eater
 10774 | Gauntlet | Found a transporter.
 10777 | Gauntlet | Found a transporter.
 10787 | Gauntlet | Found a transporter.
 10800 | Gauntlet | Found a transporter.
 10810 | Gauntlet | Found a transporter.
 10813 | Gauntlet | Noticed a death yak
 10813 | Gauntlet | Noticed a death yak
 10815 | Gauntlet | Noticed a death yak
 10815 | Gauntlet | Noticed a death yak
 10815 | Gauntlet | Noticed a death yak
 10817 | Gauntlet | Noticed a death yak
 10818 | Gauntlet | Noticed a death scarab
 10819 | Gauntlet | Found a runed translucent door.
 10820 | Gauntlet | Found a transporter.
 10821 | Gauntlet | Found a runed translucent door.
 10821 | Gauntlet | Noticed a death scarab
 10834 | Gauntlet | Found a transporter.
 10848 | Gauntlet | Found a transporter.
 10849 | Gauntlet | Found a transporter.
 10849 | Gauntlet | Noticed a death scarab
 10906 | Gauntlet | Identified the ring "Jynaupeun" {rN+ Int+3 Stlth+}
 10924 | Gauntlet | Found a transporter.
 11277 | Gauntlet | Identified the ring "Yhysupsi" {Ice *Slow rElec Int-4
                  | Dex+6}
 11357 | Gauntlet | Noticed a minotaur
 11381 | Gauntlet | Killed a minotaur
 11592 | Gauntlet | Identified the +1 leather armour of Naotaot {rC+ Stlth+}
 11622 | D:11     | Noticed an oklob plant
 11714 | D:11     | Identified the +2 helmet "Karutas" {Drain rF+ rC- Int+8}
 11744 | D:11     | Identified the +2 chain mail of Amorality {Dex+2}
 11961 | D:11     | Reached skill level 10 in Axes
 12033 | D:11     | Found a staircase to the Lair.
 12432 | D:12     | Noticed a cyan ugly thing
 12448 | D:12     | Killed a white ugly thing
 12495 | D:12     | Noticed a two-headed ogre
 12502 | D:12     | Killed a two-headed ogre
 12624 | D:12     | Noticed a green ugly thing
 12816 | D:12     | Reached skill level 11 in Fighting
 12870 | D:12     | Noticed a boulder beetle
 12884 | D:12     | Killed a boulder beetle
 12975 | D:12     | Found a staircase to the Orcish Mines.
 12985 | D:12     | Noticed a two-headed ogre
 13005 | D:12     | Killed a two-headed ogre
 13053 | D:12     | Reached XP level 12. HP: 85/100 MP: 13/15
 13156 | D:12     | Noticed Fannar
 13192 | D:12     | Killed Fannar
 13496 | Orc:1    | Entered Level 1 of the Orcish Mines
 13648 | Orc:1    | Noticed Sonja
 13658 | Orc:1    | Killed Sonja
 13930 | Orc:1    | Noticed a two-headed ogre
 13930 | Orc:1    | Noticed an ogre mage
 13932 | Orc:1    | Noticed a two-headed ogre
 13940 | Orc:1    | Killed an ogre mage
 13942 | Orc:1    | Killed a two-headed ogre
 13950 | Orc:1    | Killed a two-headed ogre
 13951 | Orc:1    | Reached skill level 5 in Invocations
 14154 | Orc:2    | Entered Level 2 of the Orcish Mines
 14154 | Orc:2    | Noticed an orc high priest
 14162 | Orc:2    | Killed an orc high priest
 14331 | Orc:2    | Noticed an orc high priest
 14343 | Orc:2    | Killed an orc high priest
 14358 | Orc:2    | Noticed an orc high priest
 14380 | Orc:2    | Noticed an orc high priest
 14385 | Orc:2    | Killed an orc high priest
 14397 | Orc:2    | Killed an orc high priest
 14398 | Orc:2    | Reached skill level 5 in Evocations
 14404 | Orc:2    | Reached skill level 12 in Fighting
 14406 | Orc:2    | Noticed an orc high priest
 14416 | Orc:2    | Killed an orc high priest
 14596 | Orc:2    | Noticed an orc high priest
 14599 | Orc:2    | Noticed an orc high priest
 14603 | Orc:2    | Noticed an orc high priest
 14609 | Orc:2    | Killed from afar by an orc high priest

Illustrated notes

Levels and vault maps discovered:
D:1:      eino_arrival_water_star, layout_basic,
          chequers_ecumenical_altar_simple
D:2:      layout_basic, serial_rivers, chequers_serial_rivers_small_3,
          chequers_serial_rivers_micro_c, chequers_serial_rivers_micro_c,
          chequers_serial_rivers_micro_b
D:3:      layout_loops_corners, goddamned_bats, uniq_robin
D:4:      layout_loops_corners, cheibrodos_sewer_entry_drain
D:5:      layout_loops_ring, serial_shops, nicolae_shop_bloodbath_and_beyond,
          moated_statue, uniq_eustachio, uniq_edmund, uniq_grinder
D:6:      layout_loops_ring, tso_metal_star
D:7:      layout_loops_ring, minmay_temple_entry_tees, nicolae_zen_rock_garden,
          nicolae_stop_n_shop_2
D:8:      layout_rooms, grunt_temple_overflow_growth_and_decay
D:9:      layout_loops_ring
D:10:     layout_rooms, enter_bailey_1, grunt_ministairs_3
D:11:     layout_basic, dpeg_oklobed_lair, gauntlet_entry_generic, minivault_10
D:12:     layout_loops_corners, david_orc_3, uniq_fannar
Temple:   hellmonk_temple_of_storms
Orc:1:    cheibrodos_orc_guarddog, layout_diamond_mine, basic_altar, uniq_sonja
Orc:2:    st_orc_town, layout_diamond_mine

Skill      XL: |  1  2  3  4  5  6  7  8  9 10 11 12 |
---------------+-------------------------------------+-----
Axes           | 2 3 4 5 6 7 9 10 11 | 11.9
Stealth        | 1 2 |  2.0
Shields        | 3 4 5 6 |  6.0
Fighting       | 4 5 6 8 10 11 12 | 12.1
Invocations    | 1 2 4 5 |  5.7
Evocations     | 1 2 3 5 |  5.0
Armour         | 4 |  4.0
Throwing       | 1 3 |  3.0

Action                     |  1- 3 |  4- 6 |  7- 9 | 10-12 || total
---------------------------+-------+-------+-------+-------++-------
  Melee: War axe           |    67 |   283 |   294 |   487 ||  1131
         Flail             |       |       |   101 |   164 ||   265
         Staff             |       |       |       |     9 ||     9
  Throw: Dart              |       |    17 |    61 |    98 ||   176
         Stone             |       |       |     3 |       ||     3
         Boomerang         |       |       |     5 |    35 ||    40
         Javelin           |       |       |       |     6 ||     6
 Invoke: Shadow Step       |       |       |       |     2 ||     2
  Evoke: Wand              |       |     3 |     8 |    25 ||    36
         Lightning rod     |       |       |       |     3 ||     3
    Use: Scroll            |     2 |     2 |     9 |    13 ||    26
 Armour: Scale mail        |    32 |   115 |       |       ||   147
         Chain mail        |       |    66 |   336 |   488 ||   890
  Dodge: Dodged            |    39 |   176 |   181 |   229 ||   625
  Block: Buckler           |    13 |    99 |   107 |   185 ||   404

Table legend: (Time is in decaauts)
 A = Elapsed time spent in this place.
 B = Non-inter-level travel time spent in this place.
 C = Inter-level travel time spent in this place.
 D = Time resting spent in this place.
 E = Time spent auto-exploring this place.
 F = Levels seen in this place.
 G = Mean time per level.
                   A        B        C        D        E       F      G
               +--------+--------+--------+--------+--------+-----+--------+
         Total |  15050 |  14578 |    472 |   2487 |   6763 |  18 |  836.1 |
       Dungeon |  12047 |  11624 |    423 |   1934 |   5680 |  12 | 1003.9 |
        Temple |      1 |      1 |      0 |      0 |      0 |   1 |    1.0 |
  Orcish Mines |   1107 |   1058 |     49 |     42 |    498 |   2 |  553.5 |
         Sewer |    854 |    854 |      0 |     25 |    547 |   1 |  854.0 |
        Bailey |    202 |    202 |      0 |      3 |     37 |   1 |  202.0 |
      Gauntlet |    837 |    837 |      0 |    483 |      0 |   1 |  837.0 |
               +--------+--------+--------+--------+--------+-----+--------+

Top non-repeatable levels by time:
     D:5: 1586 daAuts
     D:4: 1240 daAuts
     D:3: 1176 daAuts
     D:7: 1148 daAuts
    D:12: 1085 daAuts
     D:8: 998 daAuts
    D:11: 954 daAuts
     D:6: 952 daAuts
     D:9: 882 daAuts
   Sewer: 854 daAuts
Gauntlet: 837 daAuts
    D:10: 825 daAuts
   Orc:1: 658 daAuts
     D:1: 646 daAuts
     D:2: 551 daAuts
